 Dungeon Crawl Stone Soup version 0.28.0-53-g5a82cb258f (webtiles) character file.

Game seed: 1002037339746763583

117 DildoBatman the Conjurer (level 5, -3/35 HPs)
             Began as a Formicid Conjurer on June 10, 2022.
             Killed from afar by an orc wizard (7 damage)
             ... with a magic dart
             ... on level 3 of the Dungeon.
             The game lasted 00:05:06 (1901 turns).

DildoBatman the Conjurer (Formicid Conjurer)        Turns: 1901, Time: 00:05:07

Health: -3/35      AC:  2    Str: 12    XL:     5   Next: 22%
Magic:  0/8        EV: 12    Int: 17    God:
Gold:   113        SH:  0    Dex: 11    Spells: 5/8 levels left

rFire   . . .      SeeInvis +   b - staff of conjuration
rCold   . . .      Faith    .   (no shield)
rNeg    . . .      Spirit   .   c - +0 robe
rPois   .          Reflect  .   (helmet unavailable)
rElec   .          Harm     .   (no cloak)
rCorr   .          Rampage  .   (no gloves)
Will    .....                   (no boots)
Stlth   ++........              r - amulet of regeneration
HPRegen 0.11/turn               (no ring)
MPRegen 0.11/turn               (no ring)

@: no status effects
A: permanent stasis, dig shafts and tunnels, antennae 3, four strong arms
a: Dig, Shaft Self


You were on level 3 of the Dungeon.
You visited 1 branch of the dungeon, and saw 3 of its levels.

You collected 113 gold pieces.

Inventory:

Hand Weapons
 a - a +0 hunting sling
 d - a +2 dagger of protection
Missiles
 g - 9 poisoned darts
 h - 48 stones
 j - 6 sling bullets
 w - 17 arrows
Armour
 c - a +0 robe (worn)
Magical Staves
 b - a staff of conjuration (weapon)
Jewellery
 f - a ring of fire
 r - an amulet of regeneration (around neck)
Scrolls
 i - a scroll of teleportation {unknown}
 k - 3 scrolls of identify {unknown}
 p - a scroll of enchant armour {unknown}
 q - a scroll of fear {unknown}
Potions
 e - a potion of heal wounds {unknown}
 l - a potion of flight {unknown}
 m - a potion of lignification {unknown}
 n - a potion of haste {unknown}
 o - a potion of curing {unknown}


   Skills:
 - Level 1.7 Dodging
 - Level 2.4 Stealth
 - Level 2.1 Spellcasting
 * Level 5.6 Conjurations


You had 5 spell levels left.
You knew the following spells:

 Your Spells              Type           Power      Damage    Failure   Level
a - Searing Ray           Conj           62%        2d6       2%          2
c - Magic Dart            Conj           100%       1d8       1%          1

Your spell library contained the following spells:

 Spells                   Type           Power      Damage    Failure   Level
 Dazzling Flash           Conj/Hex       34%        N/A       19%         3
 Fulminant Prism          Conj/Hex       8%         3d7       52%         4
 Iskenderun's Mystic Bla  Conj/Tloc      17%        2d5       52%         4


Dungeon Overview and Level Annotations

Branches:
Dungeon (3/15)

Altars:
Wu Jian

Shops:
D:2 (

Annotations:
D:2 exclusions: goblin and 3 sensed monsters (detected)


Innate Abilities, Weirdness & Mutations

You cannot be hasted, slowed, berserked, paralysed or teleported.
You can dig through walls and to a lower floor.
You have a pair of large antennae on your head. (SInv)
Your four strong arms can wield two-handed weapons with a shield.


Message History

b - a staff of conjuration (weapon)
You start resting.
An orc wizard is nearby!
Casting: Magic Dart (safe; 1% risk of failure)
Confirm with . or Enter, or press ? or * to list all spells.
Aiming: Searing Ray (safe; 2% risk of failure)
Press: ? - help, Shift-Dir - straight line, f/p - orc wizard
Aim: an orc wizard, wielding a +0 dagger and wearing a +0 robe (lightly wounded, 74% to hit)
You feel a surge of power!
The searing ray misses the orc wizard. (Press . to maintain the ray.)
The orc wizard gestures at you while chanting.
The magic dart hits you!
The searing ray hits the orc wizard.
The orc wizard is moderately wounded.
The searing ray hits the orc wizard.
The orc wizard is heavily wounded.
The orc wizard hits you with a +0 dagger.
The searing ray hits the orc wizard.
The orc wizard is almost dead.
You finish channelling your searing ray.
The orc wizard points at you and mumbles some strange words.
The puff of flame hits you!
Casting: Searing Ray (safe; 2% risk of failure)
Confirm with . or Enter, or press ? or * to list all spells.
Aiming: Searing Ray (safe; 2% risk of failure)
Press: ? - help, Shift-Dir - straight line, f/p - orc wizard
Aim: an orc wizard, wielding a +0 dagger and wearing a +0 robe (almost dead, 74% to hit)
You feel a surge of power!
The searing ray hits the orc wizard.
The orc wizard is almost dead. (Press . to maintain the ray.)
The orc wizard mumbles some strange words.
The orc wizard flickers and vanishes for a moment.
The searing ray misses the orc wizard.
The orc wizard misses you.
Without enough magic to sustain it, your searing ray dissipates.
The orc wizard casts a spell at you. The magic dart hits you!
You die...

#......#.#
#.#....#.# {
##...#.##.#
..........# ..#.#.#
######.#...#
#..))..##..#######
#o####)..)>.......
#@# #............
#### #............
..# #............
###.# #............
#...###............
#...+...####.......
#...##### ########
#.†.# #...#


You could see an orc wizard (invisible).

Vanquished Creatures
  2 orc wizards
  2 adders (D:2)
  A worm (D:2)
  3 dart slugs
  5 orcs
  A ball python (D:1)
  2 endoplasms (D:2)
  A giant cockroach (D:2)
  4 goblins
  3 hobgoblins
  3 kobolds
  A quokka (D:2)
  5 bats
  A frilled lizard (D:1)
  4 rats
38 creatures vanquished.

Notes
Turn   | Place    | Note
-------+----------+-------------------------------------------
     0 | D:1      | DildoBatman the Formicid Conjurer began the quest for the
                  | Orb.
     0 | D:1      | Reached XP level 1. HP: 13/13 MP: 3/3
   303 | D:1      | Reached skill level 4 in Conjurations
   303 | D:1      | Reached XP level 2. HP: 19/19 MP: 1/5
   307 | D:1      | Learned a level 2 spell: Searing Ray
   687 | D:2      | Reached XP level 3. HP: 20/24 MP: 2/6
   887 | D:2      | Found an ornate altar of the Wu Jian Council.
   906 | D:2      | Found Lecanism's Antique Weapon Emporium.
  1041 | D:2      | Found a faded altar of an unknown god.
  1394 | D:2      | Reached XP level 4. HP: 17/30 MP: 3/7
  1639 | D:2      | Reached skill level 5 in Conjurations
  1739 | D:3      | Reached XP level 5. HP: 15/35 MP: 2/8
  1901 | D:3      | Killed from afar by an orc wizard

Illustrated notes

Levels and vault maps discovered:
D:1:      dpeg_arrival_pits, layout_loops_ring, roderic_roman_lattice,
          minmay_distorted
D:2:      layout_basic, serial_shops, nicolae_shop_hallway_plus,
          shapermc_ecumenical_altar_mp_highgroup, basic_altar,
          nrook_loot_triangle, kennysheep_potato, uniq_robin
D:3:      layout_basic, nicolae_overflow_hallway_of_the_gods,
          nicolae_yredelemnul_corpse_copse

Skill      XL: |  1  2  3  4 |
---------------+-------------+-----
Conjurations   | 4 5 |  5.6
Dodging        | |  1.7
Stealth        | |  2.4
Spellcasting   | |  2.1

Action                   |  1- 3 |  4- 6 || total
-------------------------+-------+-------++-------
Melee: Dagger            |    26 |     6 ||    32
 Fire: Hunting sling     |       |     9 ||     9
 Cast: Magic Dart        |    18 |     1 ||    19
       Searing Ray       |     7 |     9 ||    16
 Stab: Sleeping          |     1 |       ||     1
Armor: Robe              |     6 |     2 ||     8
Dodge: Dodged            |    29 |     5 ||    34
